 Dungeon Crawl Stone Soup version 0.18-b1-22-ge198996 (webtiles) character file.

51 Wooh the Shooter (level 3, -1/25 HPs)
             Began as a High Elf Hunter on May 3, 2016.
             Was an Initiate of Okawaru.
             Slain by Grinder (2 damage)
             ... while paralysed by Grinder
             ... on level 3 of the Dungeon.
             The game lasted 00:06:41 (1547 turns).

Wooh the Shooter (High Elf Hunter)                  Turns: 1547, Time: 00:06:41

Health: -1/25      AC:  6    Str: 11    XL:     3   Next: 57%
Magic:  4/4        EV:  2    Int: 14    God:    Okawaru [......]
Gold:   138        SH:  0    Dex: 17    Spells: 0 memorised, 2 levels left

rFire  . . .     SeeInvis .     u - +0 dagger (speed)
rCold  . . .     Gourm    .     c - +0 leather armour
rNeg   . . .     Faith    .     (no shield)
rPois  .         Spirit   .     (no helmet)
rElec  .         Dismiss  .     o - +0 cloak
rCorr  .         Reflect  .     (no gloves)
SustAt .         Harm     .     (no boots)
MR     .....                    (no amulet)
Stlth  ++........               (no ring)
                                p - +2 ring of protection

@: paralysed, not resistant to hostile enchantments, unstealthy
A: no striking features
a: Renounce Religion


You were on level 3 of the Dungeon.
You worshipped Okawaru.
Okawaru was noncommittal.
You were not hungry.

You visited 1 branch of the dungeon, and saw 3 of its levels.

You collected 138 gold pieces.

Inventory:

Hand Weapons
 a - a +1 shortbow
 s - a +2 dagger of venom
 u - a +0 dagger of speed (weapon)
Missiles
 d - 31 arrows
Armour
 c - a +0 leather armour (worn)
 o - a +0 cloak (worn)
Jewellery
 p - a +2 ring of protection (left hand)
Scrolls
 b - a scroll of amnesia {unknown}
 e - a scroll of enchant armour {unknown}
 j - a scroll of remove curse
 m - a scroll of identify {unknown}
 r - 2 scrolls of teleportation {unknown}
Potions
 g - 2 potions of heal wounds {unknown}
 i - a potion of berserk rage {unknown}
 k - 2 potions of degeneration {unknown}
 l - a potion of flight {unknown}
 n - a potion of lignification {unknown}
 q - a potion of curing {unknown}
 t - a potion of brilliance {unknown}
Comestibles
 f - 3 bread rations
 h - a meat ration
 v - 4 chunks of flesh


   Skills:
 - Level 2.3 Fighting
 + Level 5.3 Bows
 - Level 4.1 Dodging
 - Level 1.1 Stealth


You had 2 spell levels left.
You didn't know any spells.

Dungeon Overview and Level Annotations

Branches:
Dungeon (3/15)

Altars:
Cheibriados
Okawaru
Ru
Trog

Annotations:
D:3 Grinder


Message History

u - a +0 dagger of speed (weapon)
You closely miss Grinder. Grinder hits you.
You writhe in agony.
You hit Grinder.
Grinder is lightly wounded.
You hit Grinder.
Grinder is lightly wounded.
Grinder closely misses you.
You hit Grinder.
Grinder is lightly wounded.
The kobold hits you with a short sword. Grinder gestures at you.
You suddenly lose the ability to move!
The kobold hits you with a short sword. Grinder hits you!
* * * LOW HITPOINT WARNING * * *
You writhe in agony.
* * * LOW HITPOINT WARNING * * *
The kobold hits you but does no damage. Grinder hits you.
* * * LOW HITPOINT WARNING * * *
You writhe in agony.
You die...

#.# #..####.# #.#
#.......... ##.##
#.#..#.#..# #...#
##.#..#.#..# #...#
..........# #...#
#.##.#.#..#
#...####.##.#.#..#
#.#####...........#...รท#
.#......@..........##...#
........5K.........##....
.#...............<.>.....
#.#####...##......(#.#..
.. #(........#..#.#.. #
#.#.#######..#.#.. #...#
#..#.#.. #...# #..# #.#
.....


You could see Grinder and a kobold.

Vanquished Creatures
  An ooze (D:1)
  A worm (D:2)
  2 ball pythons
  7 bats
  2 giant cockroaches
  7 hobgoblins
  6 kobolds
  A quokka (D:1)
  3 giant newts
  5 goblins
  7 rats
42 creatures vanquished.

Notes
Turn   | Place    | Note
--------------------------------------------------------------
     0 | D:1      | Wooh the High Elf Hunter began the quest for the Orb.
     0 | D:1      | Reached XP level 1. HP: 14/14 MP: 2/2
   394 | D:1      | Reached XP level 2. HP: 18/19 MP: 3/3
   913 | D:2      | Reached XP level 3. HP: 24/24 MP: 4/4
  1109 | D:2      | Found a sacrificial altar of Ru.
  1111 | D:2      | Found an iron altar of Okawaru.
  1392 | D:3      | Found a snail-covered altar of Cheibriados.
  1397 | D:3      | Found a bloodstained altar of Trog.
  1487 | D:2      | Became a worshipper of Warmaster Okawaru
  1535 | D:3      | Noticed Grinder
  1545 | D:3      | Paralysed by Grinder for 7 turns
  1547 | D:3      | HP: 1/25 [Grinder (3)]
  1547 | D:3      | Slain by Grinder

Skill      XL: |  1  2  3 |
---------------+----------+-----
Dodging        | 3 4 |  4.1
Fighting       | |  2.3
Bows           | |  5.3
Stealth        | |  1.1

Action                   || total
-------------------------++-------
Melee: Short sword       ||    72
       Dagger            ||    83
 Fire: Shortbow          ||     7
  Use: Scroll            ||     1
 Stab: Sleeping          ||     3
  Eat: Chunk             ||     2
Armor: Leather armour    ||    53
Dodge: Dodged            ||   134
